 Dungeon Crawl Stone Soup version 0.29-a0-352-g0917bc69df (webtiles) character file.

Game seed: 12574347914571614233

1847 safyre the Thaumaturge (level 8, -1/44 HPs)
             Began as a Deep Elf Conjurer on Apr 24, 2022.
             Was an Initiate of Sif Muna.
             Shot with an arrow by a centaur (2 damage)
             ... on level 7 of the Dungeon.
             The game lasted 00:47:25 (7357 turns).

safyre the Thaumaturge (Deep Elf Conjurer)          Turns: 7357, Time: 00:47:26

Health: -1/44      AC:  8    Str:  5    XL:     8   Next: 88%
Magic:  23/23      EV: 10    Int: 26    God:    Sif Muna [......]
Gold:   396        SH:  0    Dex: 15    Spells: 22/26 levels left

rFire   . . .      SeeInvis +   i - +11 spear of Wadodiut {venom, Will++ Str-5}
rCold   + . .      Faith    .   (no shield)
rNeg    . . .      Spirit   .   g - +0 ring mail "Lussu" {+Inv Will+++}
rPois   .          Reflect  .   (no helmet)
rElec   .          Harm     .   h - +2 cloak
rCorr   .          Rampage  .   (no gloves)
Will    +++++      Rage     1%  (no boots)
Stlth   +++.......              (no amulet)
HPRegen 0.14/turn               y - +6 ring of strength
MPRegen 0.18/turn               v - ring of the Leaf {rC+ SInv}

@: no status effects
A: talons 1, thin skeletal structure 1, berserk 1
a: Renounce Religion, Evoke Invisibility


You were on level 7 of the Dungeon.
You worshipped Sif Muna.
Sif Muna was noncommittal.
You visited 2 branches of the dungeon, and saw 8 of its levels.
You also visited: Sewer and Ossuary.

You collected 556 gold pieces.
You spent 160 gold pieces at shops.

Inventory:

Hand Weapons
 i - the +11 spear of Wadodiut (weapon) {venom, Will++ Str-5}
   (You found it on level 2 of the Dungeon)

   It poisons the flesh of those it strikes.
   Str:       It affects your strength (-5).
   Will:      It greatly increases your willpower.
Armour
 g - the +0 ring mail "Lussu" (worn) {+Inv Will+++}
   (You found it on level 2 of the Dungeon)

   +Inv:      It lets you turn invisible.
   Will:      It greatly increases your willpower.
 h - a +2 cloak (worn)
 w - an orb of guile
Jewellery
 u - a ring of positive energy
 v - the ring of the Leaf (right hand) {rC+ SInv}
   (You bought it in a shop on level 3 of the Dungeon)

   [ring of protection from cold]

   rC:        It protects you from cold.
   SInv:      It lets you see invisible.
 x - a +4 ring of protection
 y - a +6 ring of strength (left hand)
Wands
 p - a wand of polymorph (8)
 q - a wand of mindburst (8)
 C - a wand of flame (23)
Scrolls
 e - 2 scrolls of enchant armour
 f - 10 scrolls of teleportation
 j - a scroll of fog
 A - 2 scrolls of identify
Potions
 a - a potion of ambrosia
 b - 5 potions of magic
 c - a potion of cancellation
 d - 6 potions of attraction
 k - a potion of berserk rage
 l - 3 potions of curing
 m - a potion of lignification {unknown}
 n - a potion of invisibility {unknown}
 o - a potion of degeneration
 r - 2 potions of brilliance
 s - 2 potions of might {unknown}
 t - a potion of flight {unknown}
 z - a potion of haste {unknown}
 B - a potion of mutation


   Skills:
 + Level 2.2 Fighting
 + Level 0.8 Polearms
 + Level 6.1 Dodging
 + Level 5.1 Stealth
 + Level 9.6 Spellcasting
 + Level 8.1 Conjurations


You had 22 spell levels left.
You knew the following spells:

 Your Spells              Type           Power      Damage    Failure   Level
a - Magic Dart            Conj           100%       1d8       1%          1
b - Searing Ray           Conj           100%       2d8       1%          2
c - Foxfire               Conj/Fire      100%       2x1d9     4%          1

Your spell library contained the following spells:

 Spells                   Type           Power      Damage    Failure   Level
 Conjure Flame            Conj/Fire      33%        6-21      13%         3
 Dazzling Flash           Conj/Hex       66%        N/A       13%         3
 Stone Arrow              Conj/Erth      66%        3d11      13%         3
 Sandblast                Erth           24%        2d8       24%         1
 Passwall                 Tmut/Erth      10%        N/A       34%         2
 Flame Wave               Conj/Fire      33%        2d8       41%         4
 Fulminant Prism          Conj/Hex       16%        3d11      41%         4
 Iskenderun's Mystic Bla  Conj/Tloc      33%        2d8       41%         4
 Gell's Gravitas          Tloc           12%        N/A       56%         3
 Inner Flame              Hex/Fire       12%        N/A       56%         3
 Lesser Beckoning         Tloc           12%        N/A       56%         3
 Teleport Other           Tloc           12%        N/A       56%         3


Dungeon Overview and Level Annotations

Branches:
Dungeon (7/15)             Temple (1/1) D:5           Sewer (visited)
Ossuary (visited)

Altars:
Ashenzari
Cheibriados
Elyvilon
Fedhas
Gozag
Hepliaklqana
Kikubaaqudgha
Makhleb
Nemelex Xobeh
Okawaru
Qazlal
Ru
Sif Muna
Trog
Uskayaw
Vehumet
Wu Jian
Xom
Yredelemnul
Zin
The Shining One

Shops:
D:3 *


Innate Abilities, Weirdness & Mutations

You have sharp toenails.
You have a somewhat thin skeletal structure. (Dex +2, Stealth+)
You tend to lose your temper in combat.


Message History

Aiming: Magic Dart (safe; 1% risk of failure)
Press: ? - help, Q - select action, (/) - cycle Shift-Dir - straight line, f/p - centaur
Aim: a centaur, wielding a +0 shortbow (moderately wounded, ally target, 100% to hit)
The magic dart hits the centaur.
The centaur is heavily wounded.
The centaur unwields a +0 shortbow.
The centaur closely misses you.
The centaur kicks you but does no damage.
The centaur barely misses you. x2
The centaur hits you but does no damage.
The centaur barely misses you. The centaur hits you. The centaur kicks you.
The centaur misses you. The centaur barely misses you. The centaur hits you.
The centaur closely misses you. The centaur hits you. The centaur kicks you.
* * * LOW HITPOINT WARNING * * *
You completely miss the centaur.
The centaur is moderately wounded.
The centaur hits you.
* * * LOW HITPOINT WARNING * * *
The centaur closely misses you. The centaur hits you.
* * * LOW HITPOINT WARNING * * *
The centaur kicks you but does no damage.
You are confused.
You feel invigorated. The centaur barely misses you.
The centaur kicks you but does no damage.
The centaur hits you.
* * * LOW HITPOINT WARNING * * *
The centaur kicks you but does no damage.
You feel less invigorated.
You feel less confused. The centaur closely misses you.
The centaur kicks you but does no damage.
The centaur wields a +0 shortbow.
The centaur shoots an arrow.
The arrow hits you.
* * * LOW HITPOINT WARNING * * *
The centaur shoots an arrow.
The arrow hits you!
* * * LOW HITPOINT WARNING * * *
Unknown command.
The centaur shoots an arrow.
The arrow hits you.
You die...

#..#.###..###.#
#..##.'......#
##..###.####.#
##..##.# #..#.#
#####...####.#
#............#
#.#####.#.####
#@# .#.... #.#
## ..###
#.##### .##
#.c...# .#
#####.# .# .#


You could see a centaur.

Vanquished Creatures
  Sigmund (D:3)
  A wyvern (D:6)
  Pargi (Sewer)
  A water moccasin (D:5)
  A sky beast (D:6)
  A black bear (D:5)
  A centaur (D:6)
  2 phantoms (D:4)
  A bullfrog (D:6)
  3 necrophages
  2 scorpions
  4 hounds
  An iguana (D:5)
  3 orc wizards
  9 mummies
  Robin (D:3)
  9 adders
  A white imp (D:5)
  An ufetubus (D:5)
  2 dart slugs
  2 worms
  8 orcs
  5 endoplasms
  7 giant cockroaches
  2 gnoll zombies (Ossuary)
  10 goblins
  14 hobgoblins
  4 jackals (D:2)
  10 kobolds
  3 quokkas
  4 ball pythons
  6 bats
  3 frilled lizards
  A goblin zombie (D:7)
  2 hobgoblin zombies
  A kobold zombie (Ossuary)
  4 orc zombies (Ossuary)
  8 rats
140 creatures vanquished.

Vanquished Creatures (others)
  21 foxfires
21 creatures vanquished.

Grand Total: 161 creatures vanquished

Notes
Turn   | Place    | Note
-------+----------+-------------------------------------------
     0 | D:1      | safyre the Deep Elf Conjurer began the quest for the Orb.
     0 | D:1      | Reached XP level 1. HP: 10/10 MP: 6/6
    25 | D:1      | Noticed a minotaur skeleton
   213 | D:1      | Reached XP level 2. HP: 15/15 MP: 6/8
   446 | D:1      | Gained mutation: You are occasionally teleported next to
                  | monsters. [potion of mutation]
   446 | D:1      | Gained mutation: You have hidden genetic potential. [potion
                  | of mutation]
   446 | D:1      | Gained mutation: You possess an exceptional clarity of
                  | mind. [potion of mutation]
   969 | D:2      | Reached XP level 3. HP: 14/19 MP: 6/10
   971 | D:2      | Found a snail-covered altar of Cheibriados.
   972 | D:2      | Identified the +0 ring mail "Lussu" {+Inv Will+++}
   983 | D:2      | Gained mutation: You have sharp toenails. [hidden
                  | potential]
  1060 | D:2      | Identified the +11 spear of Wadodiut {venom, Will++ Str-5}
  1363 | D:2      | Learned a level 2 spell: Searing Ray
  1466 | D:2      | Reached XP level 4. HP: 24/24 MP: 4/11
  1746 | D:2      | You fall into a shaft and drop 1 floor!
  1800 | D:3      | Noticed Sigmund
  1811 | D:3      | Killed Sigmund
  1812 | D:3      | Reached skill level 5 in Spellcasting
  1812 | D:3      | Reached skill level 5 in Conjurations
  1812 | D:3      | Reached XP level 5. HP: 28/28 MP: 4/14
  2058 | D:3      | Noticed Robin
  2072 | D:3      | Killed Robin
  2259 | D:3      | Reached XP level 6. HP: 32/32 MP: 11/15
  2281 | D:3      | Found a glowing drain.
  2311 | Sewer    | Entered a sewer
  2321 | Sewer    | Noticed Pargi
  2335 | Sewer    | Killed Pargi
  2340 | Sewer    | Gained mutation: You have razor-sharp toenails. [hidden
                  | potential]
  2340 | Sewer    | Lost mutation: You have hidden genetic potential. [hidden
                  | potential expressed]
  3042 | D:3      | Found Ryma's Assorted Antiques.
  3424 | D:4      | Reached skill level 6 in Spellcasting
  3465 | D:4      | Reached XP level 7. HP: 28/37 MP: 7/18
  4145 | D:3      | Bought a clouded jade ring for 160 gold pieces
  4145 | D:3      | Identified the ring of the Leaf {rC+ SInv} (You bought it
                  | in a shop on level 3 of the Dungeon)
  4297 | D:5      | Entered Level 5 of the Dungeon
  4309 | D:5      | Reached skill level 1 in Fighting
  4309 | D:5      | Reached skill level 7 in Spellcasting
  4546 | D:5      | Found a staircase to the Ecumenical Temple.
  4561 | D:5      | Reached skill level 5 in Dodging
  4781 | D:5      | Lost strength.
  4792 | Temple   | Entered the Ecumenical Temple
  5023 | Temple   | Became a worshipper of Sif Muna the Loreminder
  5118 | D:5      | Reached skill level 8 in Spellcasting
  5118 | D:5      | Reached XP level 8. HP: 41/42 MP: 12/22
  5924 | D:6      | Reached skill level 9 in Spellcasting
  6588 | D:6      | Learned a level 1 spell: Foxfire
  6798 | D:7      | Found a sand-covered staircase.
  6805 | Ossuary  | Entered an ossuary
  6837 | Ossuary  | Reached skill level 5 in Stealth
  7268 | Ossuary  | Lost mutation: You are occasionally teleported next to
                  | monsters. [potion of mutation]
  7268 | Ossuary  | Lost mutation: You have razor-sharp toenails. [potion of
                  | mutation]
  7268 | Ossuary  | Lost mutation: You possess an exceptional clarity of mind.
                  | [potion of mutation]
  7268 | Ossuary  | Gained mutation: You tend to lose your temper in combat.
                  | [potion of mutation]
  7268 | Ossuary  | Gained mutation: You have a somewhat thin skeletal
                  | structure. (Dex +2, Stealth+) [potion of mutation]
  7356 | D:7      | HP: 1/44 [centaur/arrow (10)]
  7357 | D:7      | Shot with an arrow by a centaur

Illustrated notes

Levels and vault maps discovered:
D:1:      shiori_arrival_whats_in_store_for_you, layout_basic, minmay_3d_cube
D:2:      layout_rooms, basic_altar, nicolae_underground_beach
D:3:      layout_basic, gup_sewer_entry_glass, serial_shops, shop, uniq_sigmund,
          uniq_robin
D:4:      layout_basic, sigmund_army
D:5:      layout_cave_pools, minmay_temple_entry_trees, feat_on_display
D:6:      layout_gridville
D:7:      layout_loops_ring, grunt_dithmenos_shadows,
          nicolae_ossuary_entry_giza, uniq_prince_ribbit1
Temple:   kilobyte_greek_temple

Skill      XL: |  1  2  3  4  5  6  7  8 |
---------------+-------------------------+-----
Stealth        | 3 4 5 |  5.1
Dodging        | 3 4 5 6 |  6.1
Spellcasting   | 5 6 8 9 |  9.6
Conjurations   | 5 6 7 8 |  8.1
Fighting       | 1 2 |  2.2
Polearms       | |  0.8

Action                   |  1- 3 |  4- 6 |  7- 9 || total
-------------------------+-------+-------+-------++-------
Melee: Unarmed           |     6 |     1 |       ||     7
       Spear             |       |    26 |     7 ||    33
       Kick              |       |     5 |     3 ||     8
 Cast: Magic Dart        |    64 |    41 |    80 ||   185
       Searing Ray       |       |    17 |    38 ||    55
       Foxfire           |       |       |    13 ||    13
 Abil: Evoke Invisibilit |     1 |       |     1 ||     2
  Use: Potion            |     5 |       |     3 ||     8
       Scroll            |     3 |     2 |     4 ||     9
Armor: Ring mail         |    30 |    48 |    38 ||   116
Dodge: Dodged            |    38 |    52 |    68 ||   158

Table legend: (Time is in decaauts)
 A = Elapsed time spent in this place.
 B = Non-inter-level travel time spent in this place.
 C = Inter-level travel time spent in this place.
 D = Time resting spent in this place.
 E = Time spent auto-exploring this place.
 F = Levels seen in this place.
 G = Mean time per level.
                   A        B        C        D        E       F      G
               +--------+--------+--------+--------+--------+-----+--------+
         Total |   7375 |   7305 |     70 |   1417 |   3327 |  10 |  737.5 |
       Dungeon |   6205 |   6135 |     70 |    967 |   3182 |   7 |  886.4 |
        Temple |    280 |    280 |      0 |      0 |    144 |   1 |  280.0 |
         Sewer |    395 |    395 |      0 |    214 |      1 |   1 |  395.0 |
       Ossuary |    493 |    493 |      0 |    236 |      0 |   1 |  493.0 |
               +--------+--------+--------+--------+--------+-----+--------+

Top non-repeatable levels by time:
     D:3: 1315 daAuts
     D:6: 1056 daAuts
     D:5: 1035 daAuts
     D:1: 949 daAuts
     D:4: 848 daAuts
     D:2: 799 daAuts
 Ossuary: 493 daAuts
   Sewer: 395 daAuts
  Temple: 280 daAuts
     D:7: 201 daAuts
